 Dungeon Crawl Stone Soup version 0.31-a0-672-g7da72447bb (webtiles) character file.

Game seed: 11115058662210540293

1415 jlumianski the Chopper (level 8, 0/61 HPs)
             Began as a Demonspawn Fighter on Sept 5, 2023.
             Slain by a two-headed ogre
             ... wielding a +0 giant spiked club
              (17 damage)
             ... on level 4 of the Dungeon.
             The game lasted 00:15:07 (3911 turns).

jlumianski the Chopper (Demonspawn Fighter)         Turns: 3911, Time: 00:15:09

Health: 0/61       AC:  9    Str: 19    XL:     8   Next: 43%
Magic:  8/8        EV:  9    Int:  9    God:
Gold:   232        SH: 14    Dex: 13    Spells: 7/7 levels left

rFire   + . .        a - +0 war axe
rCold   . . .        c - +0 buckler
rNeg    + . .        H - +0 chain mail
rPois   .            (no helmet)
rElec   .            (no cloak)
rCorr   .            (no gloves)
SInv    .            (no boots)
Will    .....        E - amulet of reflection Stlth
                     k - ring of protection from fire
HPRegen 0.30/turn    t - ring of positive energy
MPRegen 0.11/turn

%: reflection
@: no status effects
A: spiny 2, sturdy frame 1, condensation shield
a: no special abilities


You were on level 4 of the Dungeon.
You visited 2 branches of the dungeon, and saw 7 of its levels.

You collected 232 gold pieces.

Inventory:

Hand Weapons
 a - a +0 war axe (weapon)
 l - a +1 short sword of flaming
 m - a +4 sling of electrocution
Missiles
 e - 36 stones
 n - 3 javelins
 z - 6 curare-tipped darts (quivered)
 G - 2 boomerangs
Armour
 b - a +0 scale mail
 c - a +0 buckler (worn)
 j - the orb of the Great Game {*channel, rC+++ Regen+ rCorr Str-5}
   (You found it on level 3 of the Dungeon)

   Str-5:     It affects your strength (-5).
   rC+++:     It renders you almost immune to cold.
   Regen+:    It increases your rate of health regeneration.
   rCorr:     It protects you from acid and corrosion.
 v - a +0 hat
 H - a +0 chain mail (worn)
Magical Staves
 C - a staff of air
Jewellery
 h - an amulet of faith
 i - a ring of magical power
 k - a ring of protection from fire (left hand)
 t - a ring of positive energy (right hand)
 E - an amulet of reflection (around neck)
Wands
 B - a wand of acid (5)
Scrolls
 g - 2 scrolls of teleportation {unknown}
 o - a scroll of blinking {unknown}
 p - 2 scrolls of noise {unknown}
 q - 3 scrolls of identify {unknown}
 r - 3 scrolls of poison {unknown}
 w - a scroll of fear {unknown}
 x - 3 scrolls of immolation {unknown}
 y - 2 scrolls of enchant armour {unknown}
 D - 2 scrolls of amnesia {unknown}
Potions
 d - 4 potions of might
 f - a potion of cancellation
 s - a potion of curing
 u - a potion of attraction {unknown}
 A - a potion of lignification {unknown}
 F - 2 potions of brilliance {unknown}


   Skills:
 + Level 4.8 Fighting
 + Level 5.7 Axes
 + Level 3.1 Ranged Weapons
 + Level 0.5 Throwing
 + Level 4.6 Armour
 + Level 2.6 Dodging
 - Level 1.1 Stealth
 + Level 4.1 Shields


You had 7 spell levels left.
You didn't know any spells.
Your spell library contained the following spells:

 Spells                   Type           Power      Damage    Failure   Level
 Apportation              Tloc           0%         N/A       93%         1
 Kiss of Death            Conj/Necr      0%         2d5       93%         1
 Ensorcelled Hibernation  Hex/Ice        0%         N/A       98%         2
 Passwall                 Tmut/Erth      0%         N/A       98%         2
 Wereblood                Tmut           0%         N/A       98%         2
 Confusing Touch          Hex            0%         N/A       100%        3
 Swiftness                Air            0%         N/A       100%        3
 Volatile Blastmotes      Fire/Tloc      0%         2d10      100%        3
 Dispel Undead            Necr           0%         3d6       100%        4
 Fulminant Prism          Conj/Hex       0%         3d5       100%        4
 Iskenderun's Mystic Bla  Conj/Tloc      0%         2d3       100%        4
 Olgreb's Toxic Radiance  Pois           0%         N/A       100%        4
 Alistair's Intoxication  Tmut/Pois      0%         N/A       100%        5


Dungeon Overview and Level Annotations

Branches:
Dungeon (6/15)             Temple (1/1) D:4

Altars:
Ashenzari
Cheibriados
Dithmenos
Fedhas
Hepliaklqana
Nemelex Xobeh
Okawaru
Ru
Trog
Uskayaw
Vehumet
Wu Jian
Yredelemnul

Annotations:
D:3 1 runed translucent door, Crazy Yiuf


Innate Abilities, Weirdness & Mutations

You are mostly covered in sharp spines.
Your movements are slightly less encumbered by armour. (ER -2)
A meltable shield of frost defends you. (SH +4)


Message History

You hit the iguana but do no damage.
The iguana is heavily wounded.
The iguana is struck by your spines. The iguana bites you!
You hit the iguana but do no damage.
The iguana is severely wounded.
The iguana is struck by your spines.
You kill the iguana!
Unknown command.
You start resting.
HP restored.
You can't go down here!
There is a stone staircase leading down, spattered with blood here.
You climb downwards.
The two-headed ogre is struck by your spines.
The two-headed ogre hits you with a +0 giant spiked club.
The two-headed ogre hits you with a +0 giant spiked club!!
There is a stone staircase leading up, spattered with blood here.
You block the two-headed ogre's attack. x2
You climb upwards.
There is a stone staircase leading down, spattered with blood here.
Aiming: Corrosive Bolt
Press: ? - help, Shift-Dir - straight line, f - two-headed ogre
Aim: a two-headed ogre, wielding two +0 giant spiked clubs (lightly wounded, 86% to hit)
The bolt of acid hits the two-headed ogre!
The acid corrodes the two-headed ogre!
The two-headed ogre is moderately wounded.
You hit the two-headed ogre.
The two-headed ogre is heavily wounded.
The two-headed ogre hits you with a +0 giant spiked club!
You block the two-headed ogre's attack.
You barely miss the two-headed ogre.
The two-headed ogre is heavily wounded.
You block the two-headed ogre's attack. x2
You hit the two-headed ogre.
The two-headed ogre is heavily wounded.
The two-headed ogre is struck by your spines.
The two-headed ogre hits you with a +0 giant spiked club!
* * * LOW HITPOINT WARNING * * *
The two-headed ogre hits you with a +0 giant spiked club!
You die...

......#.......#####.#
......###)..### #.#
.##.#.# #>).# #.#
.#....# ##### #.#
......# #.# >#...##
#.# #.#.## #.# ##..#
#####.# ##.## #.@O..#
##.# ##### #.###.#
##.#####...###.# #.#
##.###........#.# #.#
#.## #.§...##...# #.#
.## #..§§.###.## #.#
.# #.....)...# #.# ##
#.....[#))# #.# ###
#########.# #.#


You could see a two-headed ogre (corroded).

Vanquished Creatures
  Menkaure (D:4)
  A water moccasin (D:5)
  4 ogres
  3 phantoms
  3 scorpions
  A howler monkey (D:5)
  A jelly (D:5)
  A gnoll bouda (D:5)
  An orc priest (D:5)
  3 iguanas
  An orc wizard (D:5)
  A sleepcap (D:5)
  5 adders
  3 gnolls (D:5)
  2 ufetubi (D:5)
  2 worms
  3 dart slugs
  15 orcs
  4 ball pythons
  5 bats
  9 endoplasms
  3 giant cockroaches
  4 goblins
  11 hobgoblins
  3 jackals (D:3)
  6 kobolds
  3 quokkas
  2 frilled lizards (D:2)
  10 rats
111 creatures vanquished.

Notes
Turn   | Place    | Note
-------+----------+-------------------------------------------
     0 | D:1      | jlumianski the Demonspawn Fighter began the quest for the
                  | Orb.
     0 | D:1      | Reached XP level 1. HP: 18/18 MP: 1/1
    39 | D:1      | Gained mutation: Your movements are slightly less
                  | encumbered by armour. (ER -2) [demonic ancestry]
    39 | D:1      | Reached XP level 2. HP: 24/24 MP: 2/2
   344 | D:3      | Reached skill level 2 in Axes
   349 | D:3      | Reached XP level 3. HP: 24/29 MP: 3/3
   355 | D:3      | Identified the orb of the Great Game {*channel, rC+++
                  | Regen+ rCorr Str-5}
   489 | D:3      | Found a runed translucent door.
   490 | D:3      | Noticed Crazy Yiuf
   748 | D:4      | Reached skill level 1 in Dodging
   748 | D:4      | Gained mutation: You are partially covered in sharp spines.
                  | [demonic ancestry]
   748 | D:4      | Reached XP level 4. HP: 35/35 MP: 4/4
   781 | D:5      | Entered Level 5 of the Dungeon
   858 | D:5      | Noticed a scorpion
   861 | D:5      | Noticed a scorpion
   873 | D:4      | Killed a scorpion
   874 | D:4      | Reached skill level 1 in Ranged Weapons
   874 | D:4      | Reached skill level 1 in Stealth
   874 | D:4      | Reached XP level 5. HP: 26/41 MP: 5/5
   992 | D:4      | Found a staircase to the Ecumenical Temple.
  1006 | Temple   | Entered the Ecumenical Temple
  1165 | D:4      | Noticed an ogre
  1182 | D:4      | Killed an ogre
  1183 | D:4      | Reached skill level 3 in Axes
  1226 | D:3      | Got Alistair's Spellbook of Transformed Corruption
  1464 | D:2      | Gained mutation: A meltable shield of frost defends you.
                  | (SH +4) [demonic ancestry]
  1464 | D:2      | Reached XP level 6. HP: 48/48 MP: 6/6
  1519 | D:2      | Found an ornate altar of the Wu Jian Council.
  2575 | D:4      | Noticed Menkaure
  2583 | D:4      | Killed Menkaure
  2822 | D:5      | Reached skill level 4 in Axes
  2822 | D:5      | Reached XP level 7. HP: 42/54 MP: 7/7
  3166 | D:4      | Reached skill level 5 in Axes
  3198 | D:5      | Gained mutation: You are mostly covered in sharp spines.
                  | [demonic ancestry]
  3198 | D:5      | Reached XP level 8. HP: 50/61 MP: 8/8
  3487 | D:5      | Found a sparkling altar of Nemelex Xobeh.
  3691 | D:5      | Found a basalt altar of Yredelemnul.
  3733 | D:5      | Noticed a troll
  3754 | D:5      | Noticed a two-headed ogre
  3911 | D:4      | Slain by a two-headed ogre

Illustrated notes

Levels and vault maps discovered:
D:1:      minmay_arrival_four_circles, layout_rooms,
          kennysheep_decorative_pillar, minmay_hexomino_p4
D:2:      layout_rooms, basic_altar, minmay_fountain_box,
          nicolae_concentric_dashed_squares_wild, ebering_dispersal_statue_hall
D:3:      layout_loops_cross, nicolae_elyvilon_temple_path, minivault_14,
          minmay_fractal_squares_gapless_5, uniq_crazy_yiuf_cottage
D:4:      layout_loops_ring, minmay_temple_entry_purple_smoke, uniq_menkaure
D:5:      minmay_clustersquares, layout_basic,
          nemelex_xobeh_ov_fountains_minmay, mainiacjoe_overflow_small_starburst
D:6:      layout_rooms, grunt_qazlal_sundering, nicolae_lava_and_water,
          reono_crystal_passage
Temple:   chequers_temple_sunken

Skill      XL: |  1  2  3  4  5  6  7  8 |
---------------+-------------------------+-----
Shields        | 3 4 |  4.1
Armour         | 3 4 |  4.6
Axes           | 2 3 4 5 |  5.7
Dodging        | 1 2 |  2.6
Ranged Weapons | 1 2 3 |  3.1
Stealth        | 1 |  1.1
Fighting       | 4 |  4.8
Throwing       | |  0.5

Action                     |  1- 3 |  4- 6 |  7- 9 || total
---------------------------+-------+-------+-------++-------
  Melee: War axe           |   103 |    84 |    81 ||   268
   Fire: Sling             |     6 |    31 |    12 ||    49
  Throw: Dart              |       |     3 |       ||     3
  Evoke: Wand              |       |       |     1 ||     1
    Use: Potion            |       |     2 |     1 ||     3
 Armour: Scale mail        |    71 |    55 |    31 ||   157
         Chain mail        |       |       |    25 ||    25
  Dodge: Dodged            |    69 |    42 |    28 ||   139
  Block: Buckler           |    24 |    44 |    62 ||   130
         Reflection        |       |       |     1 ||     1

Table legend: (Time is in decaauts)
 A = Elapsed time spent in this place.
 B = Non-inter-level travel time spent in this place.
 C = Inter-level travel time spent in this place.
 D = Time resting spent in this place.
 E = Time spent auto-exploring this place.
 F = Levels seen in this place.
 G = Mean time per level.
                   A        B        C        D        E       F      G
               +--------+--------+--------+--------+--------+-----+--------+
         Total |   4058 |   3906 |    152 |    308 |   1850 |   7 |  579.7 |
       Dungeon |   3977 |   3825 |    152 |    308 |   1850 |   6 |  662.8 |
        Temple |     80 |     80 |      0 |      0 |      0 |   1 |   80.0 |
               +--------+--------+--------+--------+--------+-----+--------+

Top non-repeatable levels by time:
     D:4: 1066 daAuts
     D:5: 1017 daAuts
     D:3: 926 daAuts
     D:2: 493 daAuts
     D:1: 452 daAuts
  Temple: 80 daAuts
     D:6: 21 daAuts
